 Dungeon Crawl Stone Soup version 0.32-a0-558-g233958a4c4 (webtiles) character file.

Game seed: 14417862426869611259

6550 mopl the Toxicologist (level 11, -2/61 HPs)
             Began as an Octopode Alchemist on Feb 29, 2024.
             Was a Believer of Vehumet.
             Slain by a yak (4 damage)
             ... on level 8 of the Dungeon.
             The game lasted 00:16:36 (8479 turns).

mopl the Toxicologist (Octopode Alchemist)          Turns: 8479, Time: 00:16:37

Health: -2/61      AC:  1    Str:  7    XL:     11   Next: 1%
Magic:  19/22      EV: 28    Int: 22    God:    Vehumet [**....]
Gold:   258        SH:  0    Dex: 13    Spells: 12/25 levels left

rFire   . . .        E - +1 spear (freeze)
rCold   . . .        (no shield)
rNeg    . . .        (helmet restricted)
rPois   .            m - amulet of the acrobat
rElec   .            (no ring)
rCorr   .            (no ring)
SInv    .            (no ring)
Will    .....        (no ring)
Stlth   +++          (no ring)
HPRegen 0.30/turn    (no ring)
MPRegen 0.18/turn    (no ring)
                     (no ring)

%: acrobat
@: acrobatic
A: almost no armour, amphibious, 8 rings, camouflage 1, gelatinous body 1,
(nimble swimmer 1), tentacles
a: Renounce Religion


You were on level 8 of the Dungeon.
You worshipped Vehumet.
Vehumet was pleased with you.
You visited 1 branch of the dungeon, and saw 9 of its levels.
You also visited: Ossuary and Bailey.

You collected 408 gold pieces.
You spent 150 gold pieces at shops.

Inventory:

Hand Weapons
 s - a +0 spear
 t - a +2 dagger of venom
 E - a +1 spear of freezing (weapon)
 H - a +0 war axe of flaming
 I - a +1 dagger of draining
Missiles
 r - 11 poisoned darts
 A - 3 boomerangs
 G - a throwing net
Armour
 F - a +0 buckler
 N - a +0 kite shield
Jewellery
 m - an amulet of the acrobat (around mantle)
 M - a ring of willpower
Wands
 q - a wand of iceblast (8)
 K - a wand of flame (20)
Scrolls
 b - 5 scrolls of fear {unknown}
 d - 2 scrolls of fog {unknown}
 e - a scroll of enchant armour {unknown}
 f - a scroll of amnesia {unknown}
 g - 5 scrolls of teleportation
 h - 6 scrolls of identify
 i - 3 scrolls of revelation {unknown}
 l - 3 scrolls of vulnerability {unknown}
 p - a scroll of enchant weapon {unknown}
 u - 2 scrolls of poison {unknown}
 w - a scroll of butterflies {unknown}
 x - 2 scrolls of torment {unknown}
 y - a scroll of blinking {unknown}
 C - 2 scrolls of silence {unknown}
 J - a scroll of acquirement {unknown}
Potions
 a - 3 potions of magic
 c - 2 potions of enlightenment {unknown}
 j - 6 potions of lignification {unknown}
 k - 2 potions of curing
 n - 5 potions of might {unknown}
 o - 4 potions of haste {unknown}
 v - 5 potions of attraction {unknown}
 z - 2 potions of heal wounds
 B - a potion of invisibility {unknown}
 D - a potion of mutation {unknown}
 L - a potion of resistance {unknown}


   Skills:
 - Level 2.0 Dodging
 - Level 2.6 Stealth
 + Level 7.6 Spellcasting
 + Level 8.0 Conjurations
 - Level 5.0 Translocations
 + Level 7.1 Fire Magic
 + Level 9.3 Alchemy


You had 12 spell levels left.
You knew the following spells:

 Your Spells              Type           Power      Damage    Failure   Level
a - Sting                 Conj/Alch      100%       1d9       1%          1
b - Iskenderun's Mystic   Conj/Tloc      37%        2d9       5%          4
d - Sticky Flame          Fire/Alch      44%        2d8       2%          4
o - Olgreb's Toxic Radia  Alch           49%        N/A       1%          4

Your spell library contained the following spells:

 Spells                   Type           Power      Damage    Failure   Level
 Scorch                   Fire           80%        2d8       1%          2
 Mercury Vapours          Alch/Air       56%        N/A       1%          2
 Volatile Blastmotes      Fire/Tloc      70%        2d15      1%          3
 Mephitic Cloud           Conj/Alch/Air  33%        N/A       2%          3
 Fulminant Prism          Conj/Alch      23%        3d12      2%          4
 Hailstorm                Conj/Ice       26%        3d7       4%          3
 Summon Ice Beast         Ice/Summ       8%         N/A       24%         3
 Sculpt Simulacrum        Ice/Alch       14%        N/A       87%         6


Dungeon Overview and Level Annotations

Branches:
Dungeon (9/15)             Temple (0/1) D:7         Ossuary (visited)
 Bailey (visited)
   Lair: D:8-11         Orc: D:9-12

Altars:
Cheibriados
Dithmenos
Fedhas
Gozag
Vehumet
Xom

Shops:
D:5 (?=!(   D:8 *


Innate Abilities, Weirdness & Mutations

You cannot wear most types of armour.
You are amphibious.
You can wear up to eight rings at the same time.
Your skin changes colour to match your surroundings (Stealth+).
Your rubbery body absorbs attacks. (AC +1, EV +1)
((You are camouflaged when in or above water. (Stealth+)))
You have tentacles for arms and can constrict up to eight enemies at once.


Message History

The yak looks more healthy.
The yak closely misses you.
Casting: Olgreb's Toxic Radiance (dangerous; 1% risk of failure)
Confirm with . or Enter, or press ? or * to list all spells.
You begin to radiate toxic energy.
The yak is poisoned.
The yak looks as sick as possible!
The yak looks even sicker.
The yak looks as sick as possible!
Unknown command.
Unknown command.
The yak looks as sick as possible! x3; The yak looks even sicker.
The yak closely misses you.
You hit the yak. You freeze the yak. You squeeze the yak!
You kill the yak!
Vehumet accepts your kill.
You feel your power returning.
The yak looks as sick as possible!
Your toxic aura wanes.
The yak barely misses you.
Unknown command.
You hit the yak. You freeze the yak.
The yak is severely wounded.
You kill the yak!
Vehumet accepts your kill.
You feel your power returning. The yak gores you!
Unknown command.
You barely miss the yak. Your squeeze misses the yak.
The yak is severely wounded.
The yak gores you! The yak completely misses you.
Unknown command.
You hit the yak but do no damage. You squeeze the yak.
You kill the yak!
Vehumet accepts your kill. The yak misses you. The yak closely misses you.
The yak completely misses you. The yak gores you!
* * * LOW HITPOINT WARNING * * *
The yak gores you!
* * * LOW HITPOINT WARNING * * *
Your Conjurations skill increases to level 8!
You have reached level 11!
The yak misses you. The yak completely misses you.
The yak attacks as it pursues you! The yak gores you.
You die...

###.##### #.# ####.### #.# #.#
#....... #.# ##+## #.##.##.
#.# ##...## #.#..##. #.##
##.....## ##.#.###. #..##
##.......## #........
##...####.........####....##..
#.......'.........'...........
##...####....@....####....##.#
#..## ##...Y...## #....##.#
#.## ##.Y.Y.## #...###.# #.#
##...## #... #.# #.# ##†##
#... ..# #. #.# ### #.# #.#
.†<


You could see 3 yaks.

Vanquished Creatures
  Maurice (D:7)
  A gargoyle (Bailey)
  Maggie (D:7)
  2 kobold demonologists
  A vampire (Bailey)
  3 yaks (D:8)
  Edmund (D:5)
  A water moccasin (D:5)
  2 orc warriors
  A sky beast (D:8)
  3 black bears
  2 ice beasts
  An ogre (D:5)
  2 phantoms
  3 elf zombies (Ossuary)
  2 bullfrogs
  A scorpion (D:7)
  2 gnoll sergeants
  10 wights (D:7)
  6 killer bees (D:7)
  9 vampire bats (Bailey)
  6 wolf zombies (Bailey)
  2 howler monkeys
  3 bombardier beetles
  4 centaur zombies (Ossuary)
  4 hounds
  3 human zombies (Ossuary)
  2 jellies
  5 orc priests
  A gnoll bouda (D:5)
  A spectral scorpion (Ossuary)
  4 orc wizards
  Natasha (D:3)
  2 iguanas
  3 mummies (Ossuary)
  20 gnolls
  19 orc zombies (Bailey)
  9 adders
  A shadow imp (D:5)
  5 dart slugs
  3 ribbon worms
  20 orcs
  5 ball pythons (D:1)
  A bat (D:3)
  8 endoplasms
  4 giant cockroaches
  11 goblins
  3 hobgoblins
  4 jackals (D:3)
  11 kobolds
  3 quokkas
  7 frilled lizards
  9 rats
239 creatures vanquished.

Notes
Turn   | Place    | Note
-------+----------+-------------------------------------------
     0 | D:1      | mopl the Octopode Alchemist began the quest for the Orb.
     0 | D:1      | Reached XP level 1. HP: 11/11 MP: 3/3
    59 | D:1      | Reached XP level 2. HP: 3/17 MP: 0/5
   241 | D:1      | Found a faded altar of an unknown god.
   353 | D:1      | Reached XP level 3. HP: 18/21 MP: 1/6
   760 | D:2      | Reached skill level 2 in Conjurations
  1239 | D:2      | Reached skill level 4 in Alchemy
  1530 | D:3      | Reached XP level 4. HP: 27/27 MP: 2/8
  1535 | D:3      | Learned a level 4 spell: Olgreb's Toxic Radiance
  1604 | D:3      | Reached skill level 3 in Spellcasting
  1697 | D:3      | Reached XP level 5. HP: 7/31 MP: 1/9
  1905 | D:3      | Reached skill level 3 in Conjurations
  2173 | D:3      | Noticed Natasha
  2179 | D:3      | Killed Natasha
  2252 | D:3      | Learned a level 4 spell: Sticky Flame
  2346 | D:3      | Found a blossoming altar of Fedhas.
  2458 | D:3      | Reached XP level 6. HP: 32/36 MP: 5/11
  2649 | D:4      | Found a shimmering altar of Xom.
  2660 | D:4      | Identified the +4 falchion of Trog, Kissing {antimagic,
                  | Str+3}
  2763 | D:4      | Reached skill level 1 in Fire Magic
  2763 | D:4      | Reached skill level 5 in Alchemy
  3003 | D:5      | Entered Level 5 of the Dungeon
  3003 | D:5      | Noticed a black bear
  3009 | D:5      | Killed a black bear
  3010 | D:5      | Reached skill level 4 in Spellcasting
  3010 | D:5      | Reached XP level 7. HP: 38/41 MP: 8/13
  3012 | D:5      | Found Yrotiuw's Distillery.
  3019 | D:5      | Reached skill level 4 in Conjurations
  3019 | D:5      | Reached skill level 2 in Fire Magic
  3022 | D:5      | Bought a potion of heal wounds for 75 gold pieces
  3376 | D:5      | Noticed Edmund
  3474 | D:5      | Reached skill level 6 in Alchemy
  3569 | D:5      | Reached skill level 3 in Fire Magic
  3569 | D:5      | Reached XP level 8. HP: 46/46 MP: 11/15
  3574 | D:5      | Learned a level 4 spell: Iskenderun's Mystic Blast
  3616 | D:5      | Found Qeigidog's Jewellery Boutique.
  3630 | D:5      | Found a shadowy altar of Dithmenos.
  3688 | D:5      | Killed Edmund
  3754 | D:5      | Reached skill level 1 in Translocations
  3787 | D:5      | Found Felyrer's Magic Scroll Emporium.
  3789 | D:5      | Found Uradoek's Antique Weapon Boutique.
  3803 | D:5      | Noticed a kobold demonologist
  3806 | D:5      | Noticed a sun demon
  3807 | D:5      | Noticed a kobold demonologist
  3885 | D:4      | Killed a kobold demonologist
  3886 | D:4      | Reached skill level 5 in Spellcasting
  3886 | D:4      | Reached skill level 5 in Conjurations
  3919 | D:5      | Killed a kobold demonologist
  3920 | D:5      | Reached skill level 2 in Translocations
  3920 | D:5      | Reached skill level 4 in Fire Magic
  3944 | D:5      | Bought a scroll of identify for 30 gold pieces
  3944 | D:5      | Bought a scroll of teleportation for 45 gold pieces
  4099 | D:5      | Found Obaa's Weapon Shop.
  4292 | D:5      | Reached XP level 9. HP: 51/51 MP: 11/17
  4386 | D:6      | Reached skill level 7 in Alchemy
  4389 | D:6      | Found a sand-covered staircase.
  4427 | Ossuary  | Entered an ossuary
  4449 | Ossuary  | Reached skill level 3 in Translocations
  4850 | Ossuary  | Reached skill level 6 in Conjurations
  5239 | D:6      | Reached skill level 6 in Spellcasting
  5239 | D:6      | Reached skill level 5 in Fire Magic
  5402 | D:6      | Reached skill level 4 in Translocations
  5483 | D:6      | Found a snail-covered altar of Cheibriados.
  5861 | D:6      | Found a radiant altar of Vehumet.
  5866 | D:6      | Became a worshipper of Vehumet
  5899 | D:6      | Found an opulent altar of Gozag.
  5995 | D:7      | You fall into a shaft and drop 2 floors!
  6083 | D:7      | Noticed Maurice
  6097 | D:7      | Killed Maurice
  6098 | D:7      | Reached skill level 8 in Alchemy
  6098 | D:7      | Reached XP level 10. HP: 23/56 MP: 4/19
  6111 | D:7      | Found a flagged portal.
  6118 | Bailey   | Entered a bailey
  6504 | Bailey   | Reached skill level 6 in Fire Magic
  6629 | Bailey   | Reached skill level 7 in Conjurations
  6680 | Bailey   | Reached * piety under Vehumet
  6680 | Bailey   | Offered knowledge of Sandblast by Vehumet.
  6741 | Bailey   | Noticed a gargoyle
  6779 | Bailey   | Reached skill level 5 in Translocations
  7024 | Bailey   | Killed a gargoyle
  7371 | D:7      | Reached skill level 7 in Spellcasting
  7809 | D:7      | Noticed Maggie
  7815 | D:7      | Killed Maggie
  7860 | D:7      | Offered knowledge of Scorch by Vehumet.
  7860 | D:7      | Reached ** piety under Vehumet
  7862 | D:7      | Reached skill level 9 in Alchemy
  8058 | D:7      | Found a staircase to the Ecumenical Temple.
  8150 | D:8      | Found Tenusef's Neck Hole.
  8392 | D:8      | Reached skill level 7 in Fire Magic
  8476 | D:8      | HP: 1/56 [yak (15)]
  8477 | D:8      | Reached skill level 8 in Conjurations
  8477 | D:8      | Reached XP level 11. HP: 1/61 MP: 18/22
  8479 | D:8      | Slain by a yak

Illustrated notes

Levels and vault maps discovered:
D:1:      wander_arrival_lonely_grave, layout_basic, basic_ecumenical_altar
D:2:      layout_basic
D:3:      layout_loops_corners, fedhas_altar_4, nicolae_grassy_gnolls,
          uniq_natasha
D:4:      layout_basic, mainiacjoe_overflow_catwalk
D:5:      layout_basic, nicolae_dithmenos_through_a_glass_darkly, serial_shops,
          shop, nicolae_shop_behind_doors, shop, shop, shop, uniq_edmund
D:6:      layout_loops_cross, grunt_gozag_breadcrumbs, marbit_many_paths,
          chei_slow_surprise, nicolae_ossuary_entry_monument
D:7:      layout_rooms, temple_hall, enter_bailey_5, nicolae_nh_ransacked_shop,
          uniq_maggie, uniq_maurice
D:8:      layout_loops_corners, serial_library_regret_index_branch_corner,
          nicolae_shop_sticking_my_neck_out, uniq_joseph, uniq_jeremiah
D:9:      layout_roguey, tgw_trog, lemuel_coloured_pillars_altar,
          elyvilon_altar_1, worldfamousw_hep_ancestral_shrine,
          kennysheep_big_empty_room, minmay_misc_feat_cross,
          amcnicky_mini_corridor_feature, uniq_grum

Skill      XL: |  1  2  3  4  5  6  7  8  9 10 |
---------------+-------------------------------+-----
Conjurations   | 2 3 4 5 6 8 |  8.0
Alchemy        | 4 5 6 8 9 |  9.3
Spellcasting   | 3 4 5 6 7 |  7.6
Fire Magic     | 1 3 4 5 7 |  7.1
Translocations | 2 4 5 |  5.0
Dodging        | |  2.0
Stealth        | |  2.6

Action                     |  1- 3 |  4- 6 |  7- 9 | 10-12 || total
---------------------------+-------+-------+-------+-------++-------
  Melee: Unarmed           |    43 |       |       |       ||    43
         Tentacles         |    12 |    10 |    22 |    39 ||    83
         Constrict         |    11 |     4 |    12 |    30 ||    57
         Punch             |     1 |       |       |       ||     1
         Dagger            |       |    30 |    58 |    17 ||   105
         Spear             |       |       |       |    95 ||    95
   Cast: Sting             |    56 |    43 |    93 |    16 ||   208
         Olgreb's Toxic Ra |       |     2 |    18 |    10 ||    30
         Sticky Flame      |       |       |    24 |    29 ||    53
  Evoke: Wand              |       |     2 |     3 |     2 ||     7
    Use: Potion            |       |     1 |       |     1 ||     2
   Stab: Sleeping          |     2 |     2 |       |     4 ||     8
 Armour: Skin              |    18 |    21 |    76 |    79 ||   194
  Dodge: Dodged            |    19 |    29 |    68 |   117 ||   233

Table legend: (Time is in decaauts)
 A = Elapsed time spent in this place.
 B = Non-inter-level travel time spent in this place.
 C = Inter-level travel time spent in this place.
 D = Time resting spent in this place.
 E = Time spent auto-exploring this place.
 F = Levels seen in this place.
 G = Mean time per level.
                   A        B        C        D        E       F      G
               +--------+--------+--------+--------+--------+-----+--------+
         Total |   8487 |   8205 |    282 |   2424 |   3907 |  11 |  771.5 |
       Dungeon |   6723 |   6441 |    282 |   1280 |   3763 |   9 |  747.0 |
       Ossuary |    574 |    574 |      0 |    373 |     73 |   1 |  574.0 |
        Bailey |   1188 |   1188 |      0 |    771 |     71 |   1 | 1188.0 |
               +--------+--------+--------+--------+--------+-----+--------+

Top non-repeatable levels by time:
     D:5: 1248 daAuts
  Bailey: 1188 daAuts
     D:3: 1047 daAuts
     D:6: 1014 daAuts
     D:7: 872 daAuts
     D:2: 730 daAuts
     D:1: 716 daAuts
     D:4: 636 daAuts
 Ossuary: 574 daAuts
     D:8: 432 daAuts
     D:9: 24 daAuts
